Map: Apotheosis LE

Players

Ogopogo - Winner!

  • Race: Protoss Protoss
  • League: Gold
  • Spawn Location: 5:00

Fropez

  • Race: Protoss Protoss
  • League: Gold
  • Spawn Location: 11:00

VOD

Have the link to the VOD?

Description

Time

  • Played on: Nov. 8, 2016, 6:50 p.m.
  • Length: 18:42
Show
View Real Time Build Order
Export as new Build Order

Ogopogo Protoss - Winner!

Build Orders:  

Get SALT Encoding   

  12  0:03  Probe (Chrono Boost)  
  13  0:13  Probe (Chrono Boost)  
  14  0:18  Pylon  
  14  0:31  Probe (Chrono Boost)  
  15  0:38  Gateway  
  15  0:42  Probe (Chrono Boost)  
  16  0:45  Assimilator  
  16  0:52  Probe (Chrono Boost)  
  17  1:03  Probe (Chrono Boost)  
  18  1:06  Gateway  
  18  1:13  Probe (Chrono Boost)  
  19  1:24  Probe (Chrono Boost)  
  20  1:34  Probe (Chrono Boost), Cybernetics Core  
  20  1:37  Assimilator  
  21  1:45  Probe (Chrono Boost)  
  22  1:49  Pylon  
  22  1:55  Pylon  
  22  2:02  Probe (Chrono Boost)  
  23  2:10  Adept  
  23  2:11  Adept  
  27  2:26  Warp Gate, Mothership Core (Chrono Boost)  
  29  2:34  Pylon  
  29  2:49  Stalker x2  
  33  3:02  Stargate  
  33  3:16  Probe (Chrono Boost)  
  34  3:46  Stalker x2  
  38  4:10  Nexus  
  38  4:14  Pylon  
  38  4:16  Pylon  
  40  4:20  Assimilator  
  40  4:22  Assimilator  
  40  4:36  Oracle  
  41  4:50  Probe (Chrono Boost)  
  41  4:51  Robotics Facility  
  42  4:54  Robotics Facility  
  42  5:00  Probe (Chrono Boost)  
  43  5:18  Stalker x2  
  47  5:21  Probe (Chrono Boost)  
  47  5:25  Probe (Chrono Boost)  
  49  5:32  Probe (Chrono Boost)  
  49  5:34  Pylon  
  50  5:36  Probe (Chrono Boost)  
  52  5:43  Probe (Chrono Boost)  
  52  5:46  Probe (Chrono Boost)  
  53  5:53  Probe (Chrono Boost)  
  53  5:55  Stalker x2  
  58  5:57  Probe (Chrono Boost)  
  58  6:04  Probe (Chrono Boost)  
  60  6:08  Probe (Chrono Boost)  
  61  6:14  Probe (Chrono Boost)  
  63  6:18  Probe (Chrono Boost)  
  63  6:29  Nexus  
  63  6:35  Pylon  
  63  6:37  Pylon, Immortal  
  67  6:40  Assimilator  
  67  6:42  Assimilator  
  63  7:06  Probe x2 (Chrono Boost)  
  61  7:16  Probe (Chrono Boost)  
  61  7:17  Probe (Chrono Boost)  
  63  7:27  Probe x2 (Chrono Boost)  
  65  7:38  Probe (Chrono Boost)  
  65  7:43  Stalker x2  
  70  7:45  Immortal  
  70  7:46  Immortal  
  70  7:47  Void Ray  
  82  7:53  Forge  
  82  7:56  Forge  
  82  8:08  Probe x3 (Chrono Boost)  
  85  8:18  Probe x3 (Chrono Boost)  
  88  8:25  Immortal x2  
  96  8:29  Probe x3 (Chrono Boost)  
  96  8:30  Void Ray  
  103  8:42  Probe x3 (Chrono Boost)  
  106  8:53  Probe x2 (Chrono Boost)  
  108  9:04  Immortal x2  
  108  9:09  Protoss Ground Weapons Level 1, Protoss Ground Armor Level 1  
  116  9:20  Gateway  
  116  9:21  Gateway  
  116  9:23  Gateway  
  116  9:25  Gateway  
  116  9:26  Pylon, Photon Cannon  
  116  9:29  Photon Cannon  
  116  9:34  Pylon  
  116  9:37  Photon Cannon  
  116  9:41  Photon Cannon x2  
  116  9:44  Void Ray  
  116  9:45  Adept x2  
  122  9:52  Immortal  
  128  9:54  Immortal  
  130  10:36  Void Ray  
  130  10:37  Pylon  
  130  10:38  Pylon  
  130  10:40  Pylon  
  109  11:05  Stalker  
  109  11:06  Stalker x5  
  121  11:13  Warp Prism  
  121  11:15  Observer  
  124  11:19  Void Ray  
  128  11:43  Twilight Council  
  116  12:41  Stalker x3  
  116  12:42  Stalker x3  
  95  13:17  Stalker x2  
  95  13:18  Stalker x3  
  95  13:47  Stalker x2  
  77  14:27  Probe x2 (Chrono Boost)  
  79  14:38  Probe (Chrono Boost)  
  65  15:14  Zealot  
Show
View Real Time Build Order
Export as new Build Order

Fropez Protoss 

Build Orders: 1 Gate Expand, Zealot Archon 

Get SALT Encoding   

  12  0:03  Probe (Chrono Boost)  
  13  0:13  Probe (Chrono Boost)  
  14  0:18  Pylon  
  14  0:24  Probe (Chrono Boost)  
  15  0:41  Gateway  
  15  0:42  Probe (Chrono Boost)  
  16  0:46  Gateway  
  16  0:50  Assimilator  
  16  0:53  Probe (Chrono Boost)  
  17  1:03  Probe (Chrono Boost)  
  18  1:14  Probe (Chrono Boost)  
  19  1:24  Probe (Chrono Boost)  
  20  1:34  Nexus  
  20  1:43  Pylon  
  20  1:49  Cybernetics Core  
  20  1:50  Probe (Chrono Boost)  
  21  2:17  Probe (Chrono Boost)  
  22  2:28  Probe (Chrono Boost)  
  23  2:34  Assimilator  
  23  2:38  Pylon  
  23  2:39  Mothership Core (Chrono Boost)  
  25  2:47  Stalker  
  27  2:55  Probe (Chrono Boost)  
  28  3:00  Probe (Chrono Boost)  
  28  3:02  Warp Gate (Chrono Boost)  
  29  3:09  Assimilator  
  29  3:15  Probe x2  
  29  3:18  Gateway  
  31  3:20  Gateway  
  31  3:21  Stalker (Chrono Boost)  
  33  3:31  Probe  
  33  3:32  Probe  
  29  3:48  Probe  
  29  3:49  Probe  
  29  3:58  Probe  
  29  4:02  Twilight Council  
  30  4:07  Gateway x2  
  30  4:08  Probe  
  31  4:17  Adept  
  31  4:18  Adept  
  31  4:23  Adept  
  37  4:25  Probe  
  38  4:36  Pylon  
  38  4:38  Probe x2  
  38  4:41  Resonating Glaives (Chrono Boost)  
  40  5:04  Probe x2  
  42  5:10  Gateway  
  42  5:14  Pylon  
  42  5:16  Probe x2, Forge  
  42  5:28  Stalker x2  
  46  5:30  Stalker  
  46  5:35  Assimilator  
  48  5:39  Protoss Ground Weapons Level 1 (Chrono Boost)  
  48  5:42  Probe  
  49  5:52  Pylon, Templar Archives  
  49  6:11  Blink (Chrono Boost)  
  49  6:12  Pylon, Stalker x2  
  53  6:19  Pylon  
  53  6:33  Pylon  
  53  6:39  Probe x2  
  50  7:01  Stalker x3  
  50  7:02  Stalker x3  
  62  7:09  Probe x2  
  62  7:16  Protoss Ground Weapons Level 2  
  62  7:22  Pylon  
  60  7:30  Probe, Photon Cannon  
  60  7:31  Probe  
  62  7:38  High Templar  
  62  7:39  High Templar  
  62  7:43  Archon  
  66  7:44  High Templar x2  
  66  7:48  Archon  
  70  8:04  Pylon  
  70  8:06  Pylon  
  70  8:07  Probe  
  70  8:09  Probe  
  72  8:18  Gateway  
  72  8:25  Gateway  
  72  8:29  Nexus  
  72  8:30  Probe  
  72  8:33  Probe  
  74  8:42  Pylon  
  74  8:45  Pylon  
  74  8:50  High Templar x3  
  74  8:51  High Templar x2  
  74  8:53  Psionic Storm  
  74  8:54  Archon x2  
  84  9:12  Assimilator  
  84  9:15  Assimilator  
  84  9:18  Photon Cannon  
  84  9:22  High Templar x3  
  84  9:23  Pylon  
  90  9:24  Protoss Shields Level 1 (Chrono Boost)  
  90  9:26  Archon  
  90  9:36  Probe x2  
  92  9:44  Forge  
  92  9:49  High Templar  
  94  9:53  Archon  
  94  9:55  Probe x2  
  94  9:56  Probe  
  97  10:14  Pylon  
  97  10:23  Adept x4  
  97  10:24  Adept x3  
  97  10:26  Adept  
  103  11:02  High Templar x4  
  103  11:03  High Templar x2  
  109  11:04  Probe x3  
  112  11:12  Protoss Ground Weapons Level 3 (Chrono Boost)  
  112  11:22  Probe x2  
  114  11:26  Archon x2  
  114  11:27  Archon  
  114  11:37  Adept x2  
  114  11:38  Adept x2  
  114  11:39  Adept x4  
  130  11:43  Probe x3  
  127  12:19  Adept  
  127  12:20  Adept x3  
  127  12:21  Adept x3  
  127  12:22  Adept  
  129  13:00  Stalker x3  
  129  13:01  Stalker x3  
  128  13:11  High Templar x2  
  109  13:25  High Templar x4  
  109  13:26  High Templar x2  
  105  13:52  Gateway  
  93  14:23  Archon x2  
  93  14:24  Archon x2  
  90  14:30  Stalker x3  
  90  14:31  Stalker x3  
  100  14:51  Gateway x2  
  80  14:54  High Templar, Gateway  
  80  14:55  High Templar x3  
  80  14:56  High Templar, Gateway  
  25  15:45  Gateway  
  18  16:11  Nexus  
  16  17:07  Assimilator  
  16  17:08  Pylon  
  6  17:45  Probe  
  3  17:55  Zealot  
  3  17:56  Probe  
  6  18:26  Probe  
Tags
 
Composition
Zealot Archon
League
GoldGold
Matchup
PvP
Replay Pack
All Mines
Spawn Locations
Cross Positions
Add a new tag
Caveats
  • Supply blocks, unpowered buildings, or Contaminate may cause inaccurate times.
  • Supply counts are checked every 10 seconds.